 Dungeon Crawl Stone Soup version 0.30.1-9-gdf580d7c3d (webtiles) character file.

Game seed: 15527076144557376950

26 archon2 the Firebug (level 3, -1/22 HPs)
             Began as an Octopode Fire Elementalist on Oct 14, 2023.
             Slain by a kobold
             ... wielding a +0 club
              (5 damage)
             ... on level 2 of the Dungeon.
             The game lasted 00:03:52 (1025 turns).

archon2 the Firebug (Octopode Fire Elementalist)    Turns: 1025, Time: 00:03:53

Health: -1/22      AC:  1    Str:  7    XL:     3   Next: 8%
Magic:  1/6        EV: 13    Int: 19    God:
Gold:   63         SH:  0    Dex: 12    Spells: 3/6 levels left

rFire   . . .        a - +1 mace (protect)
rCold   . . .        (no shield)
rNeg    . . .        (helmet restricted)
rPois   .            i - amulet of magic regeneration
rElec   .            (no ring)
rCorr   .            (no ring)
SInv    .            (no ring)
Will    .....        (no ring)
Stlth   +++          (no ring)
HPRegen 0.23/turn    (no ring)
MPRegen 0.50/turn    (no ring)
                     (no ring)

%: no passive effects
@: no status effects
A: almost no armour, amphibious, 8 rings, camouflage 1, gelatinous body 1,
(nimble swimmer 1), tentacles
a: no special abilities


You were on level 2 of the Dungeon.
You visited 1 branch of the dungeon, and saw 2 of its levels.

You collected 63 gold pieces.

Inventory:

Hand Weapons
 a - a +1 mace of protection (weapon)
 h - a +0 dagger
Missiles
 j - 2 poisoned darts
Jewellery
 b - a ring of protection from cold
 i - an amulet of magic regeneration (around mantle)
 k - an amulet of the acrobat
Scrolls
 c - a scroll of acquirement {unknown}
 e - a scroll of brand weapon {unknown}
 f - a scroll of amnesia {unknown}
 g - 2 scrolls of identify {unknown}
Potions
 d - a potion of magic
 l - a potion of heal wounds {unknown}


   Skills:
 + Level 0.4 Fighting
 - Level 2.2 Dodging
 - Level 3.0 Stealth
 + Level 2.2 Spellcasting
 * Level 1.6 Conjurations
 * Level 3.2 Fire Magic


You had 3 spell levels left.
You knew the following spells:

 Your Spells              Type           Power      Damage    Failure   Level
a - Foxfire               Conj/Fire      44%        2x1d6     6%          1
b - Scorch                Fire           28%        2d6       6%          2

Your spell library contained the following spells:

 Spells                   Type           Power      Damage    Failure   Level
 Inner Flame              Hex/Fire       8%         N/A       26%         3
 Volatile Blastmotes      Fire/Tloc      16%        2d11      26%         3
 Flame Wave               Conj/Fire      11%        2d6       52%         4


Dungeon Overview and Level Annotations

Branches:
Dungeon (2/15)

Altars:

Annotations:
D:2 Robin


Innate Abilities, Weirdness & Mutations

You cannot wear most types of armour.
You are amphibious.
You can wear up to eight rings at the same time.
Your skin changes colour to match your surroundings (Stealth+).
Your rubbery body absorbs attacks. (AC +1, EV +1)
((You are camouflaged when in or above water. (Stealth+)))
You have tentacles for arms and can constrict up to eight enemies at once.


Message History

The goblin hits you with a +0 club. The goblin attacks as you move away!
The goblin closely misses you.
Things that are here:
a +0 club; a hobgoblin corpse; a goblin corpse The goblin attacks as you move away!
The goblin hits you with a +0 dagger.
Things that are here:
a +0 club; a +0 sling; a goblin corpse The goblin attacks as you move away!
The goblin closely misses you. The goblin attacks as you move away!
The goblin misses you. The goblin attacks as you move away!
The goblin hits you with a +0 dagger. The goblin attacks as you move away!
The goblin hits you with a +0 dagger. The goblin attacks as you move away!
The goblin hits you with a +0 dagger.
* * * LOW HITPOINT WARNING * * *
Things that are here:
a +0 club; a +0 club; a goblin corpse The goblin attacks as you move away!
The goblin completely misses you. The goblin attacks as you move away!
The goblin hits you with a +0 dagger.
* * * LOW HITPOINT WARNING * * *
The goblin attacks as you move away! The goblin hits you with a +0 dagger.
* * * LOW HITPOINT WARNING * * *
The goblin attacks as you move away! The goblin barely misses you.
Casting: Foxfire (safe; 6% risk of failure)
Confirm with . or Enter, or press ? or * to list all spells.
Flames lash the goblin.
You kill the goblin!
Unknown command.
Casting: Scorch (safe; 6% risk of failure)
Confirm with . or Enter, or press ? or * to list all spells.
Flames lash the goblin.
You kill the goblin!
Casting: Scorch (safe; 6% risk of failure)
Confirm with . or Enter, or press ? or * to list all spells.
Flames lash the kobold.
The kobold is severely wounded.
The kobold's fire resistance burns away.
Casting: Scorch (safe; 6% risk of failure)
Confirm with . or Enter, or press ? or * to list all spells.
You don't have enough magic to cast this spell.
The kobold attacks as you move away! The kobold hits you with a +0 club.
You die...

#......#
#.####.#
#.####.########
#.#....g.K....#
#.#.##.######.#
#.#.##.# #g#
#......# #.#
#####K##
#K####### #.#
#.@.....# #g#
#######.#####
#.# #.....# #g#
......# #####.#
#.# ......# #.#
#.# ......# #.#
#)## g.....#
#.# #..#
g.....# #.#
##.# ......#
#.#


You could see a goblin and a kobold (combustible).

Vanquished Creatures
  A bat (D:2)
  10 goblins
  5 hobgoblins
  3 ball pythons (D:1)
  A frilled lizard (D:1)
  2 rats (D:1)
22 creatures vanquished.

Vanquished Creatures (others)
  8 foxfires
8 creatures vanquished.

Grand Total: 30 creatures vanquished

Notes
Turn   | Place    | Note
-------+----------+-------------------------------------------
     0 | D:1      | archon2 the Octopode Fire Elementalist began the quest for
                  | the Orb.
     0 | D:1      | Reached XP level 1. HP: 11/11 MP: 3/3
   138 | D:1      | Reached XP level 2. HP: 17/17 MP: 5/5
   305 | D:1      | Learned a level 2 spell: Scorch
   944 | D:2      | Reached XP level 3. HP: 15/22 MP: 6/6
   994 | D:2      | Noticed Robin
  1025 | D:2      | Slain by a kobold

Illustrated notes

Levels and vault maps discovered:
D:1:      lightli_arrival_boilingwater, layout_loops_ring
D:2:      layout_loops_cross, uniq_robin, uniq_sigmund

Skill      XL: |  1  2 |
---------------+-------+-----
Stealth        | 3 |  3.0
Fighting       | |  0.4
Dodging        | |  2.2
Spellcasting   | |  2.2
Conjurations   | |  1.6
Fire Magic     | |  3.2

Action                     || total
---------------------------++-------
  Melee: Dagger            ||    17
         Tentacles         ||     7
         Constrict         ||    11
         Unarmed           ||     1
         Mace              ||    19
   Cast: Foxfire           ||     7
         Scorch            ||     4
   Stab: Sleeping          ||     5
 Armour: Skin              ||     7
  Dodge: Dodged            ||    26
